 Dungeon Crawl Stone Soup version 0.24-a0-520-g8fd06ad0bc (webtiles) character file.

Game seed: 4762570788519507586

15985 Jannitor the Covert (level 12, -4/76 HPs)
             Began as a Kobold Assassin on July 25, 2019.
             Was an Elder of Trog.
             Slain by a catoblepas (6 damage)
             ... while petrified by you
             ... in a Gauntlet on July 26, 2019.
             The game lasted 00:26:45 (12269 turns).

Jannitor the Covert (Kobold Assassin)              Turns: 12269, Time: 00:26:45

Health: -4/76      AC: 17    Str: 10    XL:     12   Next: 64%
Magic:  18/18      EV:  3    Int: 13    God:    Trog [****..]
Gold:   396        SH:  0    Dex: 19    Spells: 11/11 levels left

rFire    . . .     SeeInvis .   o - +2 dagger (venom)
rCold    . . .     Gourm    .   (shield restricted)
rNeg     + + +     Faith    .   r - +2 acid dragon scales
rPois    ∞         Spirit   .   b - +0 helmet
rElec    .         Reflect  .   c - +1 cloak
rCorr    +         Harm     .   A - +2 pair of gloves {archery}
MR       +....     NoTele   +   L - +2 pair of boots
Stlth    +++++.....             q - amulet of the acrobat
HPRegen  0.22/turn              p - ring of protection from magic
MPRegen  0.16/turn              v - ring of positive energy

@: petrified, berserk cooldown, slowed
A: small, carnivore
a: Berserk, Trog's Hand, Brothers in Arms, Renounce Religion


You were in a Gauntlet.
You worshipped Trog.
Trog was greatly pleased with you.
You were full.

You visited 2 branches of the dungeon, and saw 12 of its levels.
You also visited: Gauntlet.

You collected 610 gold pieces.
You spent 214 gold pieces at shops.

Inventory:

Hand Weapons
 a - a +2 dagger
 g - a +1 dagger of speed
 o - a +2 dagger of venom (weapon)
Missiles
 d - 30 poisoned darts (quivered)
 e - 2 curare-tipped darts
 k - 3 datura-tipped darts
 y - 5 boomerangs
Armour
 b - a +0 helmet (worn)
 c - a +1 cloak (worn)
 r - +2 acid dragon scales (worn)
 t - a +1 leather armour of fire resistance
 A - a +2 pair of gloves of archery (worn)
 L - a +2 pair of boots (worn)
Jewellery
 p - a ring of protection from magic (left hand)
 q - an amulet of the acrobat (around neck)
 v - a ring of positive energy (right hand)
Wands
 E - a wand of iceblast (9)
 H - a wand of disintegration (5)
 K - a wand of paralysis (13)
Scrolls
 i - 3 scrolls of fog
 n - 3 scrolls of fear
 w - a scroll of immolation
 x - 2 scrolls of teleportation
 B - 6 scrolls of remove curse
Potions
 h - 2 potions of resistance
 j - 5 potions of heal wounds
 l - a potion of curing
 m - a potion of haste {unknown}
 s - 3 potions of flight
 z - 3 potions of ambrosia
 C - 2 potions of mutation
 D - 2 potions of brilliance
 I - a potion of lignification
Comestibles
 f - 21 rations


   Skills:
 + Level 9.2 Fighting
 + Level 10.9 Short Blades
 + Level 9.4 Throwing
 + Level 0.4 Armour
 + Level 9.9 Dodging
 + Level 12.5 Stealth
 + Level 8.0 Evocations


You had 11 spell levels left.
You didn't know any spells.
Your spell library was empty.

Dungeon Overview and Level Annotations

Branches:
Dungeon (11/15)            Temple (1/1) D:4             Orc (0/2) D:9
   Lair: D:8-11

Altars:
Ashenzari
Cheibriados
Dithmenos
Elyvilon
Fedhas
Gozag
Hepliaklqana
Kikubaaqudgha
Makhleb
Nemelex Xobeh
Okawaru
Qazlal
Ru
Sif Muna
Trog
Uskayaw
Vehumet
Wu Jian
Xom
Yredelemnul
Zin
The Shining One

Shops:
D:8 [

Annotations:
D:6 3 runed translucent doors, Necrophagist's ghost, novice HOFi
D:11 1 exclusion Gauntlet 13 transporters, 21 runed translucent doors


Innate Abilities, Weirdness & Mutations

You are small and have problems with some larger weapons.
You are carnivorous and can eat meat at any time.


Message History

The molten gargoyle hits you but does no damage.
You are engulfed in calcifying dust.
The catoblepas gores you!
The molten gargoyle hits you with a cursed -1 morningstar.
You are engulfed in flames!
You are engulfed in calcifying dust.
You are no longer berserk.
Trog's vigour flows through your veins.
You feel yourself slow down. The catoblepas gores you.
The molten gargoyle hits you but does no damage.
The catoblepas gores you!!
* * * LOW HITPOINT WARNING * * *
The molten gargoyle hits you but does no damage.
The catoblepas gores you.
* * * LOW HITPOINT WARNING * * *
The molten gargoyle hits you with a cursed -1 morningstar!
* * * LOW HITPOINT WARNING * * *
You are engulfed in flames!
* * * LOW HITPOINT WARNING * * *
The catoblepas gores you!
You die...

#..............#.#§≈8≈≈#©........
...#############.################
...#©...........©...........©#≈≈≈
#################################
.......32#.#^....##?[#.#..+.©.+..
.#.....#.#.#.^###.##|#.#..+...+..
.##...##.#.#.##9##.#.#.#++#+#+#++
..##.##..#.#.#.#9#.#.#.#..+...+..
....©....#.#.^.#@#.#.#.#..+...+..
..#####..#.#.#.#Y#.#.#.#++#...#++
.##...##.#.#9#9##9##9#.#YY#+++#..
.#.....#.#.#Y##.###^.#.#YY.......
..[$©!...#.##©##....^#.#pYY=©.=..
##########.###########.##########
.................................
.................................
#################################


You could see a catoblepas, 2 molten gargoyles and a gargoyle.

Vanquished Creatures
  2 two-headed ogres
  An oklob plant (Gauntlet)
  A cyclops (D:11)
  A gargoyle (Gauntlet)
  A vampire (D:9)
  A wyvern (D:10)
  6 yaks (D:9)
  2 swamp worms (Gauntlet)
  Edmund (D:5)
  A warg (D:9)
  2 acid dragons (Gauntlet)
  6 orc warriors
  An ice beast (D:10)
  7 sky beasts
  A black bear (D:10)
  5 ogres
  A necrophage (D:8)
  3 centaurs
  A big kobold (D:10)
  10 bullfrogs
  3 scorpions
  A water moccasin skeleton (D:10)
  3 killer bees (D:11)
  4 howler monkeys
  2 crimson imps
  2 bullfrog zombies
  A quasit (D:8)
  7 hounds
  3 jellies
  3 orc priests
  4 bullfrog skeletons
  2 centaur skeletons
  An iguana (D:4)
  12 orc wizards
  7 worker ants
  A hound zombie (D:6)
  A hound skeleton (D:4)
  3 worker ant zombies
  7 gnolls
  14 adders
  4 shadow imps
  4 oozes
  An adder zombie (D:5)
  2 worms
  2 dart slugs
  10 leopard geckos
  29 orcs
  2 ball pythons
  9 bats
  6 giant cockroaches
  13 goblins
  10 hobgoblins
  3 jackals (D:6)
  6 quokkas
  4 frilled lizards
  16 kobolds
  A leopard gecko zombie (D:8)
  A quokka skeleton (D:6)
  7 rats
265 creatures vanquished.

Vanquished Creatures (others)
  A withered plant (Gauntlet)
1 creature vanquished.

Grand Total: 266 creatures vanquished

Notes
Turn   | Place    | Note
-------+----------+-------------------------------------------
     0 | D:1      | Jannitor the Kobold Assassin began the quest for the Orb.
     0 | D:1      | Reached XP level 1. HP: 12/12 MP: 1/1
    99 | D:1      | Reached XP level 2. HP: 15/18 MP: 2/2
   455 | D:1      | Reached XP level 3. HP: 16/22 MP: 3/3
  1218 | D:2      | Reached XP level 4. HP: 21/27 MP: 4/4
  1587 | D:2      | Reached skill level 6 in Stealth
  1681 | D:3      | Reached XP level 5. HP: 32/32 MP: 5/5
  2529 | D:4      | Reached XP level 6. HP: 37/37 MP: 6/6
  2551 | D:4      | Found a staircase to the Ecumenical Temple.
  2562 | Temple   | Entered the Ecumenical Temple
  2722 | Temple   | Became a worshipper of Trog the Wrathful
  3366 | D:4      | Reached XP level 7. HP: 22/42 MP: 7/7
  3608 | D:5      | Entered Level 5 of the Dungeon
  3655 | D:5      | Reached skill level 7 in Stealth
  3899 | D:5      | Reached skill level 5 in Short Blades
  4065 | D:5      | Reached * piety under Trog
  4118 | D:5      | Reached XP level 8. HP: 43/48 MP: 8/8
  4347 | D:5      | Reached skill level 8 in Stealth
  4466 | D:5      | Found a sacrificial altar of Ru.
  4466 | D:5      | Found a hazy altar of Hepliaklqana.
  4467 | D:5      | Found an opulent altar of Gozag.
  4510 | D:5      | Noticed Edmund
  4534 | D:5      | Killed Edmund
  4534 | D:5      | Reached skill level 5 in Fighting
  4534 | D:5      | Reached skill level 5 in Throwing
  4534 | D:5      | Reached skill level 5 in Dodging
  4914 | D:6      | Noticed Necrophagist's ghost (novice HOFi)
  4968 | D:6      | Found a runed translucent gate.
  4968 | D:6      | Found a runed translucent gate.
  4968 | D:6      | Found a runed translucent gate.
  5055 | D:6      | Reached skill level 1 in Evocations
  5055 | D:6      | Reached XP level 9. HP: 37/54 MP: 9/9
  5744 | D:6      | Reached skill level 9 in Stealth
  6055 | D:7      | Reached ** piety under Trog
  7188 | D:7      | Found an ornate altar of the Wu Jian Council.
  7507 | D:8      | Reached XP level 10. HP: 59/61 MP: 12/12
  7930 | D:8      | Reached skill level 10 in Stealth
  8375 | D:8      | Found Utuzairrai's Armour Shop.
  8383 | D:8      | Bought a +2 pair of boots for 214 gold pieces
  8690 | D:9      | Found a sacrificial altar of Ru.
  8712 | D:9      | Noticed a two-headed ogre
  8929 | D:9      | Found a radiant altar of Vehumet.
  9324 | D:9      | Killed a two-headed ogre
  9730 | D:9      | Found a staircase to the Orcish Mines.
  9752 | D:9      | Reached *** piety under Trog
  9753 | D:9      | Reached skill level 5 in Evocations
 10117 | D:9      | Reached XP level 11. HP: 39/65 MP: 15/15
 10522 | D:10     | Entered Level 10 of the Dungeon
 10812 | D:10     | Reached skill level 11 in Stealth
 10986 | D:10     | Noticed a two-headed ogre
 10991 | D:10     | Killed a two-headed ogre
 11584 | D:11     | Noticed a cyclops
 11658 | D:11     | Found a gate leading to a gauntlet.
 11673 | D:11     | Killed a cyclops
 11673 | D:11     | Reached **** piety under Trog
 11678 | Gauntlet | Entered a Gauntlet
 11678 | Gauntlet | Found a transporter.
 11688 | Gauntlet | Found a transporter.
 11703 | Gauntlet | Found a transporter.
 11708 | Gauntlet | Found a transporter.
 11722 | Gauntlet | Noticed a great orb of eyes
 11723 | Gauntlet | Found a transporter.
 11723 | Gauntlet | Noticed a green ugly thing
 11724 | Gauntlet | Noticed a green ugly thing
 11742 | Gauntlet | Found a transporter.
 11754 | Gauntlet | Found a transporter.
 11754 | Gauntlet | Noticed a death drake
 11762 | Gauntlet | Found a large runed translucent door.
 11762 | Gauntlet | Noticed a death yak
 11763 | Gauntlet | Found a large runed translucent door.
 11763 | Gauntlet | Noticed a death yak
 11763 | Gauntlet | Noticed a death yak
 11763 | Gauntlet | Noticed a death yak
 11764 | Gauntlet | Found a large runed translucent door.
 11764 | Gauntlet | Found a large runed translucent door.
 11764 | Gauntlet | Noticed a death yak
 11765 | Gauntlet | Found a runed translucent gate.
 11765 | Gauntlet | Noticed a death yak
 11765 | Gauntlet | Noticed a necromancer
 11766 | Gauntlet | Found a transporter.
 11766 | Gauntlet | Found a runed translucent gate.
 11767 | Gauntlet | Found a runed translucent gate.
 11768 | Gauntlet | Found a large runed translucent door.
 11768 | Gauntlet | Found a large runed translucent door.
 11769 | Gauntlet | Found a large runed translucent door.
 11770 | Gauntlet | Found a large runed translucent door.
 11781 | Gauntlet | Found a transporter.
 11784 | Gauntlet | Noticed a catoblepas
 11790 | Gauntlet | Found a transporter.
 11790 | Gauntlet | Noticed a cacodemon
 11809 | Gauntlet | Found a transporter.
 11824 | Gauntlet | Found a transporter.
 11826 | Gauntlet | Found a transporter.
 11827 | Gauntlet | Noticed an oklob plant
 11854 | Gauntlet | Found a transporter.
 11856 | Gauntlet | Found a transporter.
 11876 | Gauntlet | Found a transporter.
 11954 | Gauntlet | Found a transporter.
 12048 | Gauntlet | Found a transporter.
 12048 | Gauntlet | Found a large runed translucent door.
 12049 | Gauntlet | Found a large runed translucent door.
 12049 | Gauntlet | Found a large runed translucent door.
 12049 | Gauntlet | Found a large runed translucent door.
 12058 | Gauntlet | Found a large runed translucent door.
 12058 | Gauntlet | Found a large runed translucent door.
 12058 | Gauntlet | Found a runed translucent door.
 12058 | Gauntlet | Found a runed translucent door.
 12060 | Gauntlet | Found a large runed translucent door.
 12061 | Gauntlet | Found a large runed translucent door.
 12071 | Gauntlet | Reached skill level 10 in Short Blades
 12071 | Gauntlet | Reached skill level 12 in Stealth
 12071 | Gauntlet | Reached XP level 12. HP: 76/76 MP: 15/17
 12268 | Gauntlet | HP: 2/76 [molten gargoyle/cursed -1 morningstar (6)]
 12269 | Gauntlet | Slain by a catoblepas

Levels and vault maps discovered:
D:1:      dpeg_arrival_renting, layout_rooms, hex_intersection
D:2:      layout_rooms
D:3:      layout_loops_cross, first_ration, minmay_fountain_box,
          minmay_strange_pillars
D:4:      layout_cave_pools, minmay_temple_entry_mist
D:5:      kennysheep_spiral_hall, layout_cave_pods,
          gammafunk_temple_overflow_claw, minmay_misc_feat_x,
          hangedman_abyss_or_decor_lesser_grid, uniq_edmund
D:6:      minmay_chambers_of_threes, layout_rooms, gammafunk_ghost_icy
D:7:      layout_rooms, overflow_temple_1_default
D:8:      layout_loops_corners, serial_shops, nicolae_shop_stone
D:9:      layout_cave_pools, david_orc_3, serial_column_ruins, column_ruins_hut,
          column_ruins_temple_circle, column_ruins_columns_corner,
          column_ruins_open_small, column_ruins_grid_1, column_ruins_grid_3,
          column_ruins_open_tiny, basic_altar
D:10:     layout_loops_ring
D:11:     layout_loops_ring, dpeg_lair_monsters, gauntlet_entry_generic
Temple:   dpeg_five_rooms_temple
Gauntlet: gammafunk_gauntlet_one_two_three
          [gammafunk_gauntlet_arena_split_diamond,
          gammafunk_gauntlet_arena_hedges, nicolae_gauntlet_arena_x,
          nicolae_gauntlet_arena_quarters, gammafunk_gauntlet_arena_corners,
          gammafunk_gauntlet_arena_grid,
          minmay_gauntlet_arena_make_your_own_arena,
          gammafunk_gauntlet_arena_spirals, gammafunk_gauntlet_arena_split_x,
          nicolae_gauntlet_exit_dead_adventurers]

Skill      XL: |  1  2  3  4  5  6  7  8  9 10 11 12 |
---------------+-------------------------------------+-----
Short Blades   | 3 4 5 6 7 9 10 | 10.9
Dodging        | 2 3 4 5 6 8 9 |  9.9
Throwing       | 3 4 5 6 7 9 |  9.4
Fighting       | 3 4 5 6 7 9 |  9.2
Stealth        | 6 7 8 9 10 12 | 12.5
Evocations     | 1 3 5 7 8 |  8.0
Armour         | |  0.4

Action                   |  1- 3 |  4- 6 |  7- 9 | 10-12 || total
-------------------------+-------+-------+-------+-------++-------
Melee: Dagger            |   177 |   248 |   538 |   534 ||  1497
Throw: Dart              |     5 |     2 |    14 |     1 ||    22
Invok: Berserk           |       |       |       |     2 ||     2
       Trog's Hand       |       |       |       |     1 ||     1
Evoke: Wand              |       |       |       |    12 ||    12
  Use: Scroll            |       |    10 |       |    11 ||    21
       Potion            |       |     3 |       |     7 ||    10
 Stab: Sleeping          |     3 |    11 |     9 |    23 ||    46
       Distracted        |       |     1 |     1 |     2 ||     4
       Paralysed         |       |       |       |     3 ||     3
  Eat: Chunk             |     9 |     7 |    14 |    13 ||    43
Armor: Robe              |    20 |    11 |       |       ||    31
       Leather armour    |       |    30 |    87 |    53 ||   170
       Acid dragon scale |       |       |       |     7 ||     7
Dodge: Dodged            |   102 |   158 |   305 |   294 ||   859

Table legend:
 A = Non-vault XP
 B = Vault XP
 C = Vault XP percentage of total XP
 D = Non-vault monster count
 E = Vault monster count
 F = Vault count percentage of total count
                 A         B        C        D         E       F
            +---------+---------+-------+---------+---------+-------
      Total |   10271 |    2868 |  21.8 |     238 |      27 |  10.2
            +---------+---------+-------+---------+---------+-------
        D:1 |      57 |       0 |   0.0 |      32 |       0 |   0.0
        D:2 |      77 |       0 |   0.0 |      24 |       0 |   0.0
        D:3 |     114 |       0 |   0.0 |      23 |       0 |   0.0
        D:4 |     303 |       0 |   0.0 |      17 |       0 |   0.0
        D:5 |     868 |     230 |  20.9 |      22 |       4 |  15.4
        D:6 |     612 |     553 |  47.5 |      18 |      11 |  37.9
        D:7 |    1082 |       0 |   0.0 |      20 |       0 |   0.0
        D:8 |     857 |       0 |   0.0 |      14 |       0 |   0.0
        D:9 |    2980 |     481 |  13.9 |      29 |       6 |  17.1
       D:10 |    2350 |       0 |   0.0 |      33 |       0 |   0.0
       D:11 |     971 |       0 |   0.0 |       6 |       0 |   0.0
   Gauntlet |       0 |    1604 | 100.0 |       0 |       6 | 100.0
            +---------+---------+-------+---------+---------+-------
